 Dungeon Crawl Stone Soup version 0.30.1-11-g7821555f0a (webtiles) character file.

Game seed: 13213441164046437673

102156 pewpewpew the Severer (level 15, -2/147 HPs)
             Began as a Minotaur Fighter on Dec 14, 2023.
             Was a High Priest of Okawaru.
             Succumbed to Aizul's bolt of poison
             ... on level 1 of the Snake Pit on Dec 15, 2023.
             The game lasted 02:28:28 (25901 turns).

pewpewpew the Severer (Minotaur Fighter)           Turns: 25901, Time: 02:28:29

Health: -2/147     AC:  6    Str: 26    XL:     15   Next: 85%
Magic:  17/17      EV: 18    Int:  7    God:    Okawaru [*****.]
Gold:   791        SH: 16    Dex: 10    Spells: 14/14 levels left

rFire   + . .        y - +2 broad axe (flame)
rCold   . . .        H - +2 kite shield
rNeg    . . .        (no body armour)
rPois   .            Z - +2 hat
rElec   .            (no cloak)
rCorr   .            M - +3 pair of gauntlets of War {Slay+5}
SInv    .            (no boots)
Will    +....        l - amulet of Jichuel {RegenMP rF+}
Stlth   +++          (no ring)
HPRegen 0.44/turn    x - +5 ring of evasion
MPRegen 0.55/turn

%: no passive effects
@: lethally poisoned (-2 -> -37), heroic
A: horns 2, retaliatory headbutt
a: Renounce Religion, Heroism, Finesse, Duel


You were on level 1 of the Snake Pit.
You worshipped Okawaru.
Okawaru was extremely pleased with you.
You visited 5 branches of the dungeon, and saw 24 of its levels.
You also visited: Ice Cave and Volcano.

You collected 2331 gold pieces.
You spent 1540 gold pieces at shops.

Inventory:

Hand Weapons
 c - a +0 heavy broad axe
 y - a +2 broad axe of flaming (weapon)
 F - the +8 war axe of Ragnarok {holy, *Noise rElec Str+3 Int+2}
   (Okawaru gifted it to you on level 5 of the Lair of Beasts)

   Str:       It affects your strength (+3).
   Int:       It affects your intelligence (+2).
   rElec:     It insulates you from electricity.
   *Noise:    It may make noises in combat.
 R - the +5 trident of the Reaper {spect, rC++ rCorr}
   (You found it on level 9 of the Dungeon)

   rC:        It greatly protects you from cold.
   rCorr:     It protects you from acid and corrosion.
Missiles
 g - 4 javelins
 v - 3 silver boomerangs (quivered)
Armour
 u - the +7 chain mail of the Ward {rPois Will+ Int+3}
   (You found it on level 6 of the Dungeon)

   Int:       It affects your intelligence (+3).
   rPois:     It protects you from poison.
   Will:      It increases your willpower.
 H - a +2 kite shield (worn)
 M - the +3 pair of gauntlets of War (worn) {Slay+5}
   (Okawaru gifted it to you on level 1 of the Lair of Beasts)

   Slay:      It affects your accuracy & damage with ranged weapons and melee
   (+5).
 Q - a +3 plate armour of cold resistance
 V - a +4 chain mail of fire resistance
 Z - a +2 hat (worn)
Magical Staves
 G - a staff of conjuration
Jewellery
 a - the ring "Atubestu" {rC+ rN+}
   (You found it in an ice cave)

   [ring of protection from cold]

   rC:        It protects you from cold.
   rN:        It protects you from negative energy.
 h - a +6 ring of strength
 l - the amulet of Jichuel (around neck) {RegenMP rF+}
   (You found it in an ice cave)

   [amulet of magic regeneration]

   It increases your rate of magic regeneration.
   rF:        It protects you from fire.
 x - a +5 ring of evasion (right hand)
 J - an amulet of reflection
 U - a ring of flight
Wands
 p - a wand of roots (37)
 E - a wand of acid (17)
 L - a wand of mindburst (13)
 P - a wand of flame (26)
 W - a wand of paralysis (4)
Scrolls
 f - 4 scrolls of magic mapping
 k - 5 scrolls of identify
 n - 4 scrolls of blinking
 q - 3 scrolls of fear
 r - 3 scrolls of vulnerability
 w - a scroll of enchant weapon
 z - a scroll of torment
 C - a scroll of brand weapon
 I - 6 scrolls of poison
 K - 13 scrolls of teleportation
 N - a scroll of enchant armour
 Y - 4 scrolls of fog
Potions
 d - 7 potions of might
 e - 12 potions of curing
 i - 5 potions of attraction
 j - 7 potions of mutation
 m - 4 potions of heal wounds
 o - 2 potions of haste
 s - 3 potions of invisibility
 t - 2 potions of ambrosia
 A - 3 potions of flight
 B - 3 potions of lignification
 D - a potion of berserk rage
 O - 3 potions of magic
 S - 3 potions of brilliance
 X - 2 potions of resistance
Miscellaneous
 T - a lightning rod (4/4)


   Skills:
 + Level 17.5(22.5) Fighting
 - Level 18.0(23.0) Axes
 + Level 5.0(10.0) Throwing
 + Level 16.6(21.6) Armour
 + Level 15.6(20.6) Shields
 + Level 5.0 Invocations


You had 14 spell levels left.
You didn't know any spells.
Your spell library contained the following spells:

 Spells                   Type           Power      Damage    Failure   Level
 Apportation              Tloc           0%         N/A       50%         1
 Freeze                   Ice            0%         1d3       50%         1
 Magic Dart               Conj           0%         1d3       50%         1
 Sandblast                Erth           0%         2d4       50%         1
 Slow                     Hex            0%         N/A       50%         1
 Passwall                 Tmut/Erth      0%         N/A       63%         2
 Scorch                   Fire           0%         2d5       63%         2
 Searing Ray              Conj           0%         2d4       63%         2
 Sublimation of Blood     Necr           0%         N/A       63%         2
 Wereblood                Tmut           0%         N/A       63%         2
 Confusing Touch          Hex            0%         N/A       86%         3
 Dazzling Flash           Conj/Hex       0%         N/A       86%         3
 Frozen Ramparts          Ice            0%         1d1       86%         3
 Hailstorm                Conj/Ice       0%         3d3       86%         3
 Ozocubu's Armour         Ice            0%         N/A       86%         3
 Stone Arrow              Conj/Erth      0%         3d7       86%         3
 Vampiric Draining        Necr           0%         2d6       86%         3
 Volatile Blastmotes      Fire/Tloc      0%         2d10      86%         3
 Flame Wave               Conj/Fire      0%         2d4       99%         4
 Fulminant Prism          Conj/Hex       0%         3d5       99%         4
 Ice Form                 Ice/Tmut       0%         N/A       99%         4
 Iskenderun's Mystic Bla  Conj/Tloc      0%         2d3       99%         4
 Alistair's Intoxication  Tmut/Pois      0%         N/A       100%        5
 Blade Hands              Tmut           0%         N/A       100%        5
 Metabolic Englaciation   Hex/Ice        0%         N/A       100%        5
 Iron Shot                Conj/Erth      0%         9d1       100%        6
 Starburst                Conj/Fire      0%         6d3       100%        6
 Animate Armour           Summ/Erth      Unusable   N/A       N/A         4
 Summon Ice Beast         Ice/Summ       Unusable   N/A       N/A         4
 Simulacrum               Ice/Necr       Unusable   N/A       N/A         6
 Summon Cactus Giant      Summ           Unusable   N/A       N/A         6
 Summon Hydra             Summ           Unusable   N/A       N/A         7

Dungeon Overview and Level Annotations

Branches:
Dungeon (15/15)            Temple (1/1) D:6            Lair (5/5) D:11
  Swamp (0/4) Lair:2        Snake (1/4) Lair:2        Slime (0/5) Lair:4
    Orc (2/2) D:11            Elf (0/3) Orc:2        Vaults (0/5) D:13
 Depths (0/4) D:15          IceCv (visited)         Volcano (visited)

Altars:
Ashenzari
Cheibriados
Dithmenos
Elyvilon
Fedhas
Gozag
Hepliaklqana
Kikubaaqudgha
Makhleb
Nemelex Xobeh
Okawaru
Qazlal
Ru
Sif Muna
Trog
Uskayaw
Vehumet
Wu Jian
Xom
Yredelemnul
Zin
The Shining One
Jiyva
Lugonu

Shops:
D:7 !*   Orc:2 [(*?

Portals:
Abyss: Lair:5

Annotations:
D:13 acid dragon scales
Lair:5 Abyss, fire dragon scales, wand of polymorph
Snake:1 Aizul


Innate Abilities, Weirdness & Mutations

You have a pair of horns on your head.
You reflexively headbutt those who attack you in melee.


Message History

You block the arrow.
You gain the combat prowess of a mighty hero.
You feel very sick.
Aizul coils herself and waves her upper body at you.
The bolt of poison hits you!!
You are more poisoned.
* * * LOW HITPOINT WARNING * * *
The naga sharpshooter shoots an arrow.
The arrow hits you!
* * * LOW HITPOINT WARNING * * *
You block Aizul's attack.
You feel much better.
You feel extremely sick. Aizul barely misses you. You furiously retaliate!
You headbutt Aizul!
The naga sharpshooter casts a spell.
The naga sharpshooter magically shoots an arrow.
The arrow barely misses you.
The naga sharpshooter shoots an arrow.
The arrow hits you!
* * * LOW HITPOINT WARNING * * *
You slash Aizul! You burn Aizul. Your headbutt misses Aizul.
Aizul is severely wounded.
You slice the naga sharpshooter!! You burn the naga sharpshooter.
You feel very sick. Aizul casts a spell at you. The bolt of poison hits you!!
You are lethally poisoned!
* * * LOW HITPOINT WARNING * * *
The naga sharpshooter mumbles some strange words.
The naga sharpshooter magically shoots an arrow.
You block the arrow.
As you read the scroll of fog, it crumbles to dust.
The scroll dissolves into smoke.
* * * LOW HITPOINT WARNING * * *
You feel extremely sick. You block Aizul's attack.
The naga sharpshooter spits poison at you.
You block the splash of poison. Aizul misses you.
Blink to where?
Press: ? - help, Q - select action, (/) - cycle Dir - move target
As you read the scroll of blinking, it crumbles to dust.
You die...

########################
........................
.......@................
........................
.........###############
..........# ..........##
.......§§§.#
........§§§#############
.......§§§§§§...........
........§SN............


There were no monsters in sight!

Vanquished Creatures
  Frances (D:13)
  An azure jelly (IceCv)
  An emperor scorpion (D:15)
  2 quicksilver oozes (IceCv)
  2 dire elephants
  An ettin (Orc:2)
  A fire dragon (Volcano)
  An entropy weaver (shapeshifter) (Lair:5)
  5 hydras
  4 vault guards (D:13)
  A great orb of eyes (Lair:1)
  2 anacondas (Snake:1)
  5 two-headed ogres
  The ghost of bnorton916 the Arsonist, a journeyman DECj of Gozag (Lair:2)
  4 centaur warriors
  2 death knights
  5 death yaks
  9 orc high priests (Orc:2)
  A boulder beetle (D:14)
  A shock serpent (Snake:1)
  Nergalle (Lair:3)
  2 thrashing horrors (Lair:5)
  A sea snake (shapeshifter) (Lair:5)
  A skeletal warrior (D:15)
  Pikel (D:5)
  4 lindwurms (Volcano)
  A deep elf pyromancer (D:14)
  16 ugly things
  2 manticores (D:13)
  2 salamanders
  4 cyclopes
  2 ice statues (IceCv)
  25 elephants
  7 black mambas
  Joseph (Lair:1)
  A naga mage (D:15)
  A cane toad (shapeshifter) (Lair:5)
  A rime drake (Lair:1)
  2 smoke demons (Lair:5)
  3 gargoyles
  6 cane toads
  A freezing wraith (D:15)
  A kobold demonologist (D:13)
  2 efreet
  An unseen horror (shapeshifter) (D:13)
  9 komodo dragons
  3 ancient zymes (Lair:5)
  A komodo dragon (shapeshifter) (D:15)
  A tengu conjurer (D:15)
  A tarantella (shapeshifter) (Lair:5)
  5 trolls
  A hornet (D:9)
  5 dream sheep (Lair:4)
  30 blink frogs
  Sigmund (D:4)
  A centaur simulacrum (D:15)
  A jumping spider (shapeshifter) (D:13)
  A culicivora (shapeshifter) (D:14)
  26 slime creatures
  A shadow (D:12)
  4 wraiths
  A spriggan (Lair:5)
  8 wyverns
  41 yaks
  Eustachio (D:4)
  A human (D:5)
  4 basilisks
  A large abomination (Lair:5)
  4 steam dragons (Volcano)
  10 vampire mosquitoes
  11 small abominations (Lair:5)
  9 wargs
  3 acid dragons
  5 hell hounds
  9 water moccasins
  A swamp drake (D:11)
  5 black bears
  12 orc warriors
  2 ice beasts (D:8)
  A sky beast (D:8)
  2 ogres
  8 centaurs
  2 lemures
  10 wolves
  2 slime creature simulacra (IceCv)
  2 phantoms (D:6)
  A kobold brigand (D:8)
  A gnoll sergeant (D:12)
  10 bullfrogs
  4 scorpions
  2 glowing shapeshifter simulacra (IceCv)
  10 wights
  11 killer bees (D:10)
  5 howler monkeys
  2 lava snakes (Lair:2)
  3 hounds
  8 jellies
  27 orc priests
  A sleepcap (D:6)
  3 iguanas
  15 orc wizards
  6 hell rats (Lair:4)
  4 shapeshifter simulacra (IceCv)
  8 gnolls
  7 adders
  A shadow imp (D:7)
  A white imp (D:5)
  A worm (D:2)
  A dart slug (D:2)
  67 orcs
  7 ball pythons
  22 endoplasms
  3 giant cockroaches
  8 goblins
  3 hobgoblins
  4 kobolds
  3 quokkas
  3 bats
  3 frilled lizards
  A jackal zombie (D:5)
  6 rats
647 creatures vanquished.

Vanquished Creatures (others)
  A smoke demon (Volcano)
  An unseen horror (D:12)
  2 slime creatures (IceCv)
  A jelly (Lair:2)
  A spectral weapon (Lair:4)
6 creatures vanquished.

Grand Total: 653 creatures vanquished

Notes
Turn   | Place    | Note
-------+----------+-------------------------------------------
     0 | D:1      | pewpewpew the Minotaur Fighter began the quest for the Orb.
     0 | D:1      | Reached XP level 1. HP: 19/19 MP: 0/0
   146 | D:1      | Reached XP level 2. HP: 27/27 MP: 1/1
   554 | D:2      | Reached skill level 3 in Axes
   554 | D:2      | Reached XP level 3. HP: 29/33 MP: 2/2
   755 | D:2      | You fall into a shaft and drop 2 floors!
  1034 | D:3      | Found an ancient bone altar of Kikubaaqudgha.
  1255 | D:2      | Reached XP level 4. HP: 40/40 MP: 3/3
  1707 | D:4      | Noticed a lemure
  1707 | D:4      | Noticed a lemure
  1709 | D:4      | Noticed a lemure
  1750 | D:3      | Reached skill level 4 in Axes
  1834 | D:4      | Noticed Sigmund
  1859 | D:5      | Entered Level 5 of the Dungeon
  1863 | D:5      | Reached XP level 5. HP: 47/47 MP: 4/4
  1881 | D:5      | Reached skill level 5 in Axes
  2180 | D:6      | Reached skill level 5 in Armour
  2180 | D:6      | Reached XP level 6. HP: 39/53 MP: 5/5
  2186 | D:5      | Reached skill level 6 in Axes
  2339 | D:5      | Noticed Eustachio
  2363 | D:6      | Identified the +7 chain mail of the Ward {rPois Will+
                  | Int+3}
  2428 | D:6      | Reached skill level 7 in Axes
  2494 | D:6      | Reached XP level 7. HP: 47/59 MP: 6/6
  2570 | D:6      | Reached skill level 5 in Fighting
  2699 | D:6      | Found a staircase to the Ecumenical Temple.
  2705 | Temple   | Entered the Ecumenical Temple
  2712 | Temple   | Became a worshipper of Warmaster Okawaru
  2759 | D:6      | Reached skill level 8 in Axes
  2871 | D:4      | Noticed Pikel
  2898 | D:5      | Killed Pikel
  2898 | D:5      | Reached * piety under Okawaru
  2899 | D:5      | Reached skill level 9 in Axes
  2899 | D:5      | Reached XP level 8. HP: 28/69 MP: 7/7
  3048 | D:4      | Killed Sigmund
  3420 | D:5      | Found a runed translucent door.
  3425 | D:5      | Found a basalt altar of Yredelemnul.
  3440 | D:5      | Reached ** piety under Okawaru
  3441 | D:5      | Reached skill level 10 in Axes
  3526 | D:4      | Killed Eustachio
  5251 | D:5      | Found a blossoming altar of Fedhas.
  6072 | D:6      | Reached skill level 11 in Axes
  6107 | D:6      | Reached XP level 9. HP: 72/75 MP: 8/8
  6202 | D:7      | Found Qeroale's Distillery.
  6207 | D:7      | Bought a potion of heal wounds for 70 gold pieces
  6303 | D:7      | Found Metep's General Store.
  6440 | D:7      | Found a bloodstained altar of Trog.
  6663 | D:7      | Reached skill level 5 in Shields
  7182 | D:7      | Reached skill level 12 in Axes
  7491 | D:8      | Noticed a two-headed ogre
  7512 | D:8      | Found a shadowy altar of Dithmenos.
  7646 | D:8      | Identified the +12 whip "Gilemnee" {distort, rElec}
  7732 | D:8      | Killed a two-headed ogre
  7733 | D:8      | Reached skill level 13 in Axes
  7759 | D:8      | Reached XP level 10. HP: 54/84 MP: 9/9
  7894 | D:8      | Reached *** piety under Okawaru
  8048 | D:8      | Found a hide-covered altar of Uskayaw.
  8386 | D:9      | Identified the +5 trident of the Reaper {spect, rC++ rCorr}
  8582 | D:9      | Found a broken altar of Ashenzari.
  8614 | D:9      | Noticed a cyclops
  8668 | D:9      | Killed a cyclops
  8893 | D:9      | Reached skill level 14 in Axes
  8893 | D:9      | Reached skill level 10 in Armour
  9099 | D:10     | Entered Level 10 of the Dungeon
  9178 | D:10     | Reached **** piety under Okawaru
  9652 | D:10     | Reached skill level 15 in Axes
 10289 | D:11     | Noticed a purple ugly thing
 10300 | D:11     | Killed a purple ugly thing
 10301 | D:11     | Reached XP level 11. HP: 94/94 MP: 10/10
 10304 | D:11     | Found a staircase to the Orcish Mines.
 10713 | D:11     | Reached ***** piety under Okawaru
 10788 | D:11     | Reached skill level 16 in Axes
 10860 | D:11     | Found a staircase to the Lair.
 11046 | Orc:1    | Entered Level 1 of the Orcish Mines
 11187 | Lair:1   | Entered Level 1 of the Lair of Beasts
 11346 | Lair:1   | Reached skill level 1 in Invocations
 11402 | Lair:1   | Received a gift from Okawaru
 11402 | Lair:1   | Found the +3 pair of gauntlets of War {Slay+5}
 11943 | Lair:1   | Noticed Joseph
 11955 | Lair:1   | Killed Joseph
 11956 | Lair:1   | Reached skill level 17 in Axes
 12495 | Lair:2   | Found a dark tunnel.
 12514 | Volcano  | Entered a volcano
 12612 | Volcano  | Noticed a lindwurm
 12639 | Volcano  | Killed a lindwurm
 12640 | Volcano  | Reached XP level 12. HP: 73/105 MP: 13/13
 12831 | Volcano  | Noticed a fire dragon
 12968 | Volcano  | Killed a fire dragon
 13278 | Lair:2   | Noticed an eight-headed hydra
 13288 | Lair:2   | Killed a five-headed hydra
 13289 | Lair:2   | Reached skill level 10 in Fighting
 13296 | Lair:2   | Reached skill level 18 in Axes
 13365 | Lair:2   | Found a runed translucent gate.
 13365 | Lair:2   | Found a runed translucent gate.
 13365 | Lair:2   | Found a runed translucent gate.
 13367 | Lair:2   | Found a viscous altar of Jiyva.
 13367 | Lair:2   | Noticed bnorton916's ghost (journeyman DECj)
 13367 | Lair:2   | Noticed a great orb of eyes
 13618 | Lair:2   | Reached skill level 5 in Invocations
 13708 | Lair:2   | Found a staircase to the Snake Pit.
 13850 | Lair:2   | Found a staircase to the Swamp.
 14043 | Lair:1   | Killed a great orb of eyes
 14072 | Lair:2   | Killed bnorton916's ghost
 14279 | Lair:3   | Identified a scroll of acquirement
 14329 | Lair:3   | Noticed a seven-headed hydra
 14336 | Lair:3   | Killed a ten-headed hydra
 14528 | Lair:3   | Reached skill level 1 in Throwing
 14929 | Lair:3   | Noticed Nergalle
 14941 | Lair:3   | Killed Nergalle
 14942 | Lair:3   | Reached XP level 13. HP: 93/116 MP: 12/15
 15297 | Lair:4   | Found a frozen archway.
 15306 | IceCv    | Entered an ice cave
 15396 | IceCv    | Received a gift from Okawaru
 15506 | IceCv    | Noticed a quicksilver ooze
 15512 | IceCv    | Killed a quicksilver ooze
 15617 | IceCv    | Found a viscous altar of Jiyva.
 15617 | IceCv    | Noticed an azure jelly
 15619 | IceCv    | Noticed a quicksilver ooze
 15629 | IceCv    | Killed an azure jelly
 15630 | IceCv    | Reached skill level 10 in Shields
 15632 | IceCv    | Killed a quicksilver ooze
 15656 | IceCv    | Identified the amulet of Jichuel {RegenMP rF+}
 15672 | IceCv    | Got the ring "Atubestu" {rC+ rN+}
 15912 | IceCv    | Identified the ring "Ogeowkarph" {*Slow Int+4 Dex+6}
 15924 | IceCv    | Got the ring "Cisijez" {Ice rN+ Str+3 Dex-4}
 16491 | Lair:4   | Identified the +1 leather armour "Ciunos" {Regen+}
 16768 | Lair:4   | Noticed a dire elephant
 16776 | Lair:4   | Killed a dire elephant
 16941 | Lair:4   | Reached XP level 14. HP: 129/129 MP: 16/16
 17054 | Lair:4   | Found a staircase to the Slime Pits.
 17170 | Lair:5   | Entered Level 5 of the Lair of Beasts
 17317 | Lair:5   | Identified the +8 war axe of Ragnarok {holy, *Noise rElec
                  | Str+3 Int+2} (Okawaru gifted it to you on level 5 of the
                  | Lair of Beasts)
 17317 | Lair:5   | Received a gift from Okawaru
 17994 | Lair:5   | Identified the +3 mace of Qexeuw {drain, rCorr}
 18082 | Lair:5   | Reached skill level 15 in Armour
 18119 | Lair:5   | Reached ****** piety under Okawaru
 18199 | Lair:5   | Paralysed by a floating eye for 3 turns
 18207 | Lair:5   | Received a gift from Okawaru
 18509 | Lair:5   | Reached skill level 15 in Fighting
 18534 | Lair:5   | Found a corrupted altar of Lugonu.
 18534 | Lair:5   | Found a one-way gate to the infinite horrors of the Abyss.
 19710 | Orc:2    | Entered Level 2 of the Orcish Mines
 19838 | Orc:2    | Found Deguimo's Armour Shop.
 19839 | Orc:2    | Found Axkome's Weapon Shoppe.
 20001 | Orc:2    | Identified the +1 pair of gloves of Prudence {Int+3}
                  | (Okawaru gifted it to you on level 2 of the Orcish Mines)
 20001 | Orc:2    | Received a gift from Okawaru
 20259 | Orc:2    | Reached XP level 15. HP: 114/144 MP: 17/17
 20663 | Orc:2    | Found a staircase to the Elven Halls.
 20734 | Orc:2    | Found Muhingogg's Magic Scroll Shoppe.
 20734 | Orc:2    | Found Aphyarim's General Store.
 21948 | D:13     | Found a gate to the Vaults.
 21974 | D:13     | Found a stormy altar of Qazlal.
 22308 | D:13     | Noticed Frances
 22320 | D:13     | Killed Frances
 22321 | D:13     | Reached skill level 5 in Throwing
 22445 | D:13     | Identified the +5 scale mail of Xofer {Str-5 Int+8 Dex+3}
                  | (Okawaru gifted it to you on level 13 of the Dungeon)
 22445 | D:13     | Received a gift from Okawaru
 23249 | D:14     | Reached skill level 15 in Shields
 23992 | D:15     | Entered Level 15 of the Dungeon
 24351 | D:15     | Found a shimmering altar of Xom.
 24355 | D:15     | Found a shimmering altar of Xom.
 24355 | D:15     | Found a shimmering altar of Xom.
 24355 | D:15     | Found a shimmering altar of Xom.
 24556 | D:15     | Found a shimmering altar of Xom.
 24607 | D:15     | Found a staircase to the Depths.
 24608 | D:15     | Noticed an emperor scorpion
 24632 | D:15     | Killed an emperor scorpion
 25123 | Orc:2    | Bought a scroll of teleportation for 36 gold pieces
 25123 | Orc:2    | Bought a +2 scale mail of willpower for 252 gold pieces
 25135 | Orc:2    | Bought a scroll of teleportation for 39 gold pieces
 25135 | Orc:2    | Bought a scroll of enchant armour for 97 gold pieces
 25135 | Orc:2    | Bought a scroll of enchant armour for 97 gold pieces
 25135 | Orc:2    | Bought a scroll of teleportation for 39 gold pieces
 25320 | D:7      | Bought 2 potions of heal wounds for 140 gold pieces
 25320 | D:7      | Bought a potion of curing for 42 gold pieces
 25320 | D:7      | Bought a potion of heal wounds for 70 gold pieces
 25320 | D:7      | Bought a potion of might for 56 gold pieces
 25320 | D:7      | Bought a potion of invisibility for 112 gold pieces
 25356 | D:7      | Bought a lightning rod (4/4) for 390 gold pieces
 25356 | D:7      | Bought a wand of flame (11) for 100 gold pieces
 25358 | D:7      | Acquired a +2 broad axe of flaming
 25584 | Snake:1  | Entered Level 1 of the Snake Pit
 25880 | Snake:1  | Noticed Aizul
 25900 | Snake:1  | HP: 6/147 [poisoned by Aizul (bolt of poison)]
 25901 | Snake:1  | Succumbed to Aizul's bolt of poison

Illustrated notes

Levels and vault maps discovered:
D:1:      dpeg_arrival_simpleton_b, layout_rooms, minivault_11
D:2:      layout_rooms
D:3:      layout_basic, kiku_gazebo_pond_becter
D:4:      layout_loops_ring, due_unseen_surprise, uniq_sigmund, uniq_pikel
D:5:      layout_basic, nicolae_overflow_crystal_walls, dk_yredelemnul_ordeal,
          uniq_eustachio
D:6:      layout_basic, minmay_temple_entry_enclosed_plants, st_stairs_12
D:7:      layout_basic, mainiacjoe_overflow_six_doors_small, serial_shops,
          nicolae_shop_hallway_plus, nicolae_shop_window_shopping,
          serial_co_window_serial, co_window_paths_a, co_window_cross_1,
          co_window_of_opportunity_a, co_window_paths_b,
          co_window_of_opportunity_a, co_window_of_opportunity_c,
          co_window_corner_b, co_window_2corner, co_window_2corner,
          glass_columns_a, glass_columns_a
D:8:      layout_basic, mainiacjoe_overflow_24_doors,
          mainiacjoe_overflow_concentric_impassable, minmay_increasing_density
D:9:      layout_roguey, nicolae_ashenzari_skybound, st_stairs_8
D:10:     layout_stronghold
D:11:     layout_rooms, erik_lair_dragon, david_orc_1_choice
D:12:     layout_roguey
D:13:     layout_basic, lightli_vaults_fourway_checkpoint, minmay_misc_feat_x,
          nicolae_qazlal_style_of_elements, uniq_frances
D:14:     layout_basic
D:15:     hangedman_depths_entry_try_elsewhere_first, layout_long_grid,
          minmay_misc_feat_rugged, xom_redecorated
Temple:   nicolae_temple_no_exploring_needed
Lair:1:   layout_layer_cave, infiniplex_staircase_pool, grunt_megastairs_5,
          uniq_joseph
Lair:2:   lemuel_slime, layout_long_grid, swamp_mist,
          nicolae_snake_entry_warm_welcome, gammafunk_ghost_ooze,
          enter_volcano_3, serial_bayou_pond_d
Lair:3:   layout_cave_pods, patterned_corridor, uniq_nergalle
Lair:4:   beast_lair_carwin_large_1, layout_cave_pods, dpeg_slime_entry_corner,
          portal_ice_cave_entry_pillars_1
Lair:5:   hellmonk_lair_end_abyssal_woods, layout_cave_pods
Snake:1:  layout_onion, basic_altar, hangedman_corner_corridor, uniq_aizul
Orc:1:    layout_diamond_mine, serial_shops, shop
Orc:2:    st_orc_town, layout_caves

Skill      XL: |  1  2  3  4  5  6  7  8  9 10 11 12 13 14 15 |
---------------+----------------------------------------------+-----
Armour         | 4 5 6 7 9 10 11 12 14 15 16 | 16.6
Shields        | 4 5 6 7 9 11 13 15 | 15.6
Fighting       | 4 5 6 7 8 9 11 13 16 17 | 17.5
Axes           | 3 4 5 7 9 11 13 15 17 18 | 18.0
Invocations    | 3 5 |  5.0
Throwing       | 1 3 5 |  5.0

Action                     |  1- 3 |  4- 6 |  7- 9 | 10-12 | 13-15 || total
---------------------------+-------+-------+-------+-------+-------++-------
  Melee: War axe           |    93 |    81 |   174 |   400 |   699 ||  1447
         Headbutt          |    11 |     6 |    26 |    97 |   209 ||   349
         Broad axe         |       |       |       |    79 |    37 ||   116
         Trident           |       |       |       |       |   107 ||   107
  Throw: Javelin           |       |       |     1 |    10 |    47 ||    58
         Boomerang         |       |       |     1 |       |     8 ||     9
 Invoke: Heroism           |       |       |     1 |    17 |    10 ||    28
         Finesse           |       |       |       |     4 |     1 ||     5
  Evoke: Wand              |       |       |     6 |       |     3 ||     9
    Use: Scroll            |       |     6 |     2 |    16 |    13 ||    37
         Potion            |       |       |     2 |     2 |     6 ||    10
   Stab: Confused          |       |       |       |     1 |       ||     1
         Distracted        |       |       |       |       |     2 ||     2
 Armour: Scale mail        |    42 |    35 |       |       |       ||    77
         Chain mail        |       |     7 |    91 |   204 |   330 ||   632
         Plate armour      |       |       |       |       |     9 ||     9
         Skin              |       |       |       |       |     1 ||     1
  Dodge: Dodged            |    22 |    51 |    66 |   201 |   319 ||   659
  Block: Buckler           |    20 |    15 |    45 |    41 |       ||   121
         Kite shield       |       |       |       |   100 |   455 ||   555
